NCAA
COLORADO BUFFALOES @ ALABAMA CRIMSON TIDE
04/08/2027
 
TOP OF THE 1ST
Colorado Buffaloes batting - Pitching for Alabama Crimson Tide : LHP Tim Bowles
Pitching: LHP Tim Bowles
Batting: RHB Roger Lamb 0-0: Foul Ball, location: 2F
0-1: Ball
1-1: Swinging Strike
1-2: Ball
2-2: Foul Ball, location: 2F
2-2: Strikes out swinging
Batting: SHB Caleb Hart 0-0: Ball
1-0: Ball
2-0: Foul Ball, location: 2F
2-1: Swinging Strike
2-2: Ball
3-2: Base on Balls
Batting: LHB Ethan Shaw 0-0: Ball
1-0: SINGLE (Line Drive, 3D)
Caleb Hart to second
Batting: RHB John Jones 0-0: Ball
1-0: Ball
2-0: Ball
3-0: Called Strike
3-1: Called Strike
3-2: 3-RUN HOME RUN (Flyball, 7LD), Distance : 316 ft
Batting: LHB Marcos Fontanez 0-0: Ball
1-0: Ball
2-0: Called Strike
2-1: Ball
3-1: Called Strike
3-2: Fly out, F8 (Flyball, 8LM)
Batting: LHB Claudio Jaramillo 0-0: Ball
1-0: Called Strike
1-1: Ball
2-1: Foul Ball, location: 2F
2-2: Strikes out swinging
Top of the 1st over - 3 run(s), 2 hit(s), 0 error(s), 0 left on base; Colorado 3 - Alabama 0
BOTTOM OF THE 1ST
Alabama Crimson Tide batting - Pitching for Colorado Buffaloes : RHP Michael Galloway
Pitching: RHP Michael Galloway
Batting: RHB William Robinson 0-0: Called Strike
0-1: SINGLE (Groundball, 56S) (infield hit)
Batting: RHB Kyle McIntyre 0-0: Ball
1-0: Grounds into double play, 4-6-3 (Groundball, 4)
Batting: SHB Jorge Dávila 0-0: DOUBLE (Line Drive, 89M)
Batting: SHB Rubén Valle 0-0: Ball
1-0: Called Strike
1-1: Ball
2-1: Ball
3-1: Called Strike
3-2: Foul Ball, location: 2F
3-2: Fly out, F7 (Flyball, 7LS)
Bottom of the 1st over - 0 run(s), 2 hit(s), 0 error(s), 1 left on base; Colorado 3 - Alabama 0
TOP OF THE 2ND
Colorado Buffaloes batting - Pitching for Alabama Crimson Tide : LHP Tim Bowles
Batting: SHB Edgardo Guzmán 0-0: Called Strike
0-1: Ball
1-1: Foul Ball, location: 2F
1-2: Strikes out swinging
Batting: LHB Mark Spencer 0-0: Swinging Strike
0-1: Swinging Strike
0-2: Foul Ball, location: 2F
0-2: Strikes out swinging
Batting: RHB Jason Taylor 0-0: Foul Ball, location: 2F
0-1: Ball
1-1: Swinging Strike
1-2: Ball
2-2: Ball
3-2: Strikes out swinging
Top of the 2nd over - 0 run(s), 0 hit(s), 0 error(s), 0 left on base; Colorado 3 - Alabama 0
BOTTOM OF THE 2ND
Alabama Crimson Tide batting - Pitching for Colorado Buffaloes : RHP Michael Galloway
Batting: LHB Tom York 0-0: Ground out 4-3 (Groundball, 34)
Batting: RHB Brian Burke 0-0: Ball
1-0: Ball
2-0: Foul Ball, location: 2F
2-1: Called Strike
2-2: Ball
3-2: Foul Ball, location: 2F
3-2: Base on Balls
Batting: RHB Tommy Adams 0-0: Ball
1-0: Ball
2-0: Foul Ball, location: 2F
2-1: Ball
3-1: Base on Balls
Brian Burke to second
Batting: LHB Jorge Rivera 0-0: Fly out, F4 (Popup, 4)
Batting: LHB Chris White 0-0: Ball
1-0: Called Strike
1-1: Fly out, F8 (Flyball, 8LM)
Bottom of the 2nd over - 0 run(s), 0 hit(s), 0 error(s), 2 left on base; Colorado 3 - Alabama 0
TOP OF THE 3RD
Colorado Buffaloes batting - Pitching for Alabama Crimson Tide : LHP Tim Bowles
Batting: RHB Roger Lamb 0-0: Ball
1-0: Called Strike
1-1: Foul Ball, location: 2F
1-2: Foul Ball, location: 2F
1-2: SINGLE (Line Drive, 5D)
Batting: SHB Caleb Hart 0-0: Ball
1-0: SINGLE (Groundball, 34D)
Roger Lamb to second
Runner from 2nd tries for 3rd, OUT!
Caleb Hart to second
Batting: LHB Ethan Shaw 0-0: Ground out U3 (Groundball, 34)
Caleb Hart to third
Batting: RHB John Jones 0-0: Ball
1-0: Called Strike
1-1: Ball
2-1: Ball
3-1: Called Strike
3-2: Base on Balls
Batting: LHB Marcos Fontanez 0-0: Ball
1-0: Ball
2-0: Ball
3-0: Base on Balls
John Jones to second
Batting: LHB Claudio Jaramillo 0-0: Called Strike
0-1: Foul Ball, location: 2F
0-2: Ball
1-2: SINGLE (Groundball, 34S) (infield hit)
Caleb Hart scores
John Jones to third
Marcos Fontanez to second
Batting: SHB Edgardo Guzmán 0-0: Ball
1-0: Foul Ball, location: 2F
1-1: SINGLE (Flyball, 7S)
John Jones scores
Marcos Fontanez to third
Claudio Jaramillo to second
Runner from 3rd tries for Home, SAFE, no throw
Pitching: RHP Curt Dunn
Batting: LHB Mark Spencer 0-0: Called Strike
0-1: Ball
1-1: Foul Ball, location: 2F
1-2: Strikes out swinging
Top of the 3rd over - 3 run(s), 4 hit(s), 0 error(s), 2 left on base; Colorado 6 - Alabama 0
BOTTOM OF THE 3RD
Alabama Crimson Tide batting - Pitching for Colorado Buffaloes : RHP Michael Galloway
Batting: RHB William Robinson 0-0: Ball
1-0: Swinging Strike
1-1: Swinging Strike
1-2: Ball
2-2: Ground out 5-3 (Groundball, 56S)
Batting: RHB Kyle McIntyre 0-0: Swinging Strike
0-1: Foul Ball, location: 2F
0-2: Fly out, F7 (Flyball, 7)
Batting: SHB Jorge Dávila 0-0: Called Strike
0-1: Ball
1-1: Foul Ball, location: 2F
1-2: Hit by Pitch
Batting: SHB Rubén Valle 0-0: Called Strike
0-1: Foul Ball, location: 2F
0-2: Strikes out looking
Bottom of the 3rd over - 0 run(s), 0 hit(s), 0 error(s), 1 left on base; Colorado 6 - Alabama 0
TOP OF THE 4TH
Colorado Buffaloes batting - Pitching for Alabama Crimson Tide : RHP Curt Dunn
Batting: RHB Jason Taylor 0-0: Ball
1-0: Ground out 4-3 (Groundball, 4)
Batting: RHB Roger Lamb 0-0: Called Strike
0-1: Ball
1-1: SINGLE (Line Drive, 6D)
Batting: SHB Caleb Hart 0-0: Ball
1-0: Ball
2-0: Called Strike
2-1: Ball
3-1: Base on Balls
Roger Lamb to second
Batting: LHB Ethan Shaw 0-0: Called Strike
0-1: Called Strike
0-2: Foul Ball, location: 2F
0-2: Strikes out swinging
Batting: RHB John Jones 0-0: Called Strike
0-1: Swinging Strike
0-2: Strikes out swinging
Top of the 4th over - 0 run(s), 1 hit(s), 0 error(s), 2 left on base; Colorado 6 - Alabama 0
BOTTOM OF THE 4TH
Alabama Crimson Tide batting - Pitching for Colorado Buffaloes : RHP Michael Galloway
Batting: LHB Tom York 0-0: Foul Ball, location: 2F
0-1: Foul Ball, location: 2F
0-2: Ball
1-2: Ball
2-2: Ground out 6-3 (Groundball, 6)
Batting: RHB Brian Burke 0-0: Ball
1-0: Foul Ball, location: 2F
1-1: Fly out, F9 (Flyball, 9)
Batting: RHB Tommy Adams 0-0: Ball
1-0: Foul Ball, location: 2F
1-1: SINGLE (Flyball, 7S)
Batting: LHB Jorge Rivera 0-0: Ball
1-0: Called Strike
1-1: Ground out 4-3 (Groundball, 4M)
Bottom of the 4th over - 0 run(s), 1 hit(s), 0 error(s), 1 left on base; Colorado 6 - Alabama 0
TOP OF THE 5TH
Colorado Buffaloes batting - Pitching for Alabama Crimson Tide : RHP Curt Dunn
Batting: LHB Marcos Fontanez 0-0: Foul Ball, location: 2F
0-1: Foul Ball, location: 2F
0-2: Foul Ball, location: 2F
0-2: Foul Ball, location: 2F
0-2: Foul Ball, location: 2F
0-2: Foul Ball, location: 2F
0-2: Ball
1-2: Ball
2-2: Foul Ball, location: 2F
2-2: Ground out 4-3 (Groundball, 34)
Batting: LHB Claudio Jaramillo 0-0: Ball
1-0: Called Strike
1-1: Ball
2-1: Ground out 4-3 (Groundball, 4)
Batting: SHB Edgardo Guzmán 0-0: Swinging Strike
0-1: Ball
1-1: Fly out, F8 (Flyball, 8LD)
Top of the 5th over - 0 run(s), 0 hit(s), 0 error(s), 0 left on base; Colorado 6 - Alabama 0
BOTTOM OF THE 5TH
Alabama Crimson Tide batting - Pitching for Colorado Buffaloes : RHP Michael Galloway
Batting: LHB Chris White 0-0: Called Strike
0-1: Foul Ball, location: 2F
0-2: Foul Ball, location: 2F
0-2: Foul Ball, location: 2F
0-2: Strikes out looking
Batting: RHB William Robinson 0-0: Swinging Strike
0-1: Foul Ball, location: 2F
0-2: Ball
1-2: Foul Ball, location: 2F
1-2: Ball
2-2: Ball
3-2: Ground out 5-3 (Groundball, 5)
Batting: RHB Kyle McIntyre 0-0: Called Strike
0-1: Foul Ball, location: 2F
0-2: Strikes out looking
Bottom of the 5th over - 0 run(s), 0 hit(s), 0 error(s), 0 left on base; Colorado 6 - Alabama 0
TOP OF THE 6TH
Colorado Buffaloes batting - Pitching for Alabama Crimson Tide : RHP Curt Dunn
Batting: LHB Mark Spencer 0-0: Called Strike
0-1: Ball
1-1: Ball
2-1: Foul Ball, location: 2F
2-2: Foul Ball, location: 2F
2-2: Hit by Pitch
Batting: RHB Jason Taylor 0-0: Ball
Throwing error on steal attempt, E2
Mark Spencer to third
1-0: Swinging Strike
1-1: Foul Ball, location: 2F
1-2: Strikes out looking
Batting: RHB Roger Lamb 0-0: Ball
1-0: Foul Ball, location: 2F
1-1: Ball
2-1: Ball
3-1: Base on Balls
Batting: SHB Caleb Hart 0-0: Swinging Strike
0-1: Ball
1-1: Ball
2-1: Ball
3-1: Foul Ball, location: 2F
3-2: Strikes out swinging
Throwing error on steal attempt, E2
Mark Spencer scores
Roger Lamb to third
Batting: LHB Ethan Shaw 0-0: Foul Ball, location: 2F
0-1: Called Strike
0-2: Strikes out swinging
Top of the 6th over - 1 run(s), 0 hit(s), 2 error(s), 1 left on base; Colorado 7 - Alabama 0
BOTTOM OF THE 6TH
Alabama Crimson Tide batting - Pitching for Colorado Buffaloes : RHP Michael Galloway
Batting: SHB Jorge Dávila 0-0: Ball
1-0: Ball
2-0: Ball
3-0: Called Strike
Error on foul ball, E7
3-2: Foul Ball, location: 2F
3-2: Base on Balls
Pitching: RHP Ralph Williams
Batting: SHB Rubén Valle 0-0: Ball
1-0: Ball
2-0: Hit by Pitch
Jorge Dávila to second
Batting: LHB Tom York 0-0: SINGLE (Groundball, 4MD)
Jorge Dávila to third
Rubén Valle to second
Runner from 3rd tries for Home, SAFE, no throw
Batting: RHB Brian Burke 0-0: Foul Ball, location: 2F
0-1: SINGLE (Groundball, 6D)
Rubén Valle to third
Tom York to second
Batting: RHB Tommy Adams 0-0: Ball
1-0: Ground out 3-1 (Groundball, 34S)
Rubén Valle scores
Tom York to third
Brian Burke to second
Batting: LHB Jorge Rivera 0-0: Ball
1-0: Ball
2-0: Foul Ball, location: 2F
2-1: Called Strike
2-2: Ball
3-2: Fly out, F8 (Flyball, 8LM)
Runner from 3rd tags up, SCORES, no throw
Pitching: RHP Andrew Harding
Batting: LHB Chris White 0-0: Ball
1-0: Ball
2-0: Fly out, F8 (Flyball, 8RM)
Bottom of the 6th over - 3 run(s), 2 hit(s), 1 error(s), 1 left on base; Colorado 7 - Alabama 3
TOP OF THE 7TH
Colorado Buffaloes batting - Pitching for Alabama Crimson Tide : RHP Curt Dunn
Pitching: RHP José Padilla
Batting: RHB John Jones 0-0: SINGLE (Line Drive, 7S)
Batting: LHB Marcos Fontanez 0-0: Ball
Wild Pitch!
John Jones to second
1-0: Intentional Walk
Batting: LHB Claudio Jaramillo 0-0: Ball
1-0: Called Strike
1-1: Fly out, F7 (Flyball, 7S)
Batting: SHB Edgardo Guzmán 0-0: Fly out, F8 (Flyball, 8LM)
Batting: LHB Mark Spencer 0-0: Ground out U3 (Groundball, 34)
Top of the 7th over - 0 run(s), 1 hit(s), 0 error(s), 2 left on base; Colorado 7 - Alabama 3
BOTTOM OF THE 7TH
Alabama Crimson Tide batting - Pitching for Colorado Buffaloes : RHP Andrew Harding
Batting: RHB William Robinson 0-0: Called Strike
0-1: Ball
1-1: Called Strike
1-2: Ball
2-2: Foul Ball, location: 2F
2-2: Strikes out swinging
Batting: RHB Kyle McIntyre 0-0: SINGLE (Line Drive, 4M)
Batting: SHB Jorge Dávila 0-0: Ball
1-0: Swinging Strike
1-1: Swinging Strike
1-2: Fielders Choice at 2nd, 5-4 (Groundball, 56)
Batting: SHB Rubén Valle 0-0: Ball
Jorge Dávila is caught stealing 2nd base
Bottom of the 7th over - 0 run(s), 1 hit(s), 0 error(s), 0 left on base; Colorado 7 - Alabama 3
TOP OF THE 8TH
Colorado Buffaloes batting - Pitching for Alabama Crimson Tide : RHP José Padilla
Batting: RHB Jason Taylor 0-0: Ball
1-0: Ball
2-0: Foul Ball, location: 2F
2-1: Swinging Strike
2-2: Ball
3-2: Foul Ball, location: 2F
3-2: Strikes out swinging
Batting: RHB Roger Lamb 0-0: Ball
1-0: Called Strike
1-1: Foul Ball, location: 2F
1-2: Ball
2-2: SINGLE (Flyball, 78S)
Batting: SHB Caleb Hart 0-0: Foul Ball, location: 2F
0-1: Ball
1-1: Swinging Strike
1-2: Ball
Roger Lamb steals 2nd base
2-2: Foul Ball, location: 2F
2-2: Strikes out swinging, 2-3 out at first.
Batting: LHB Ethan Shaw 0-0: Ball
1-0: Fly out, F7 (Flyball, 7S)
Top of the 8th over - 0 run(s), 1 hit(s), 0 error(s), 1 left on base; Colorado 7 - Alabama 3
BOTTOM OF THE 8TH
Alabama Crimson Tide batting - Pitching for Colorado Buffaloes : RHP Andrew Harding
Batting: SHB Rubén Valle 0-0: Ground out 4-3 (Groundball, 4)
Batting: LHB Tom York 0-0: Ball
1-0: Called Strike
1-1: Swinging Strike
1-2: SINGLE (Groundball, 6D)
Batting: RHB Brian Burke 0-0: Ball
1-0: Fly out, F9 (Flyball, 9LMF)
Batting: RHB Tommy Adams 0-0: Called Strike
0-1: Ball
Wild Pitch!
Tom York to second
1-1: Ball
2-1: Ball
3-1: Base on Balls
Pitching: LHP David Rodríguez
Batting: LHB Jorge Rivera 0-0: Fly out, F8 (Line Drive, 89M)
Bottom of the 8th over - 0 run(s), 1 hit(s), 0 error(s), 2 left on base; Colorado 7 - Alabama 3
TOP OF THE 9TH
Colorado Buffaloes batting - Pitching for Alabama Crimson Tide : RHP José Padilla
Pitching: RHP Adam Bradshaw
Batting: RHB John Jones 0-0: Ball
1-0: Foul Ball, location: 2F
1-1: Foul Ball, location: 2F
1-2: Strikes out swinging
Batting: LHB Marcos Fontanez 0-0: Ball
1-0: Foul Ball, location: 2F
1-1: Ball
2-1: Foul Ball, location: 2F
2-2: Ball
3-2: Foul Ball, location: 2F
3-2: Foul Ball, location: 2F
3-2: Foul Ball, location: 2F
3-2: Strikes out swinging
Batting: LHB Claudio Jaramillo 0-0: Called Strike
0-1: Foul Ball, location: 2F
0-2: Ball
1-2: Foul Ball, location: 2F
1-2: Foul Ball, location: 2F
1-2: Foul Ball, location: 2F
1-2: Ball
2-2: Ball
3-2: SOLO HOME RUN (Flyball, 89XD), Distance : 383 ft
Batting: SHB Edgardo Guzmán 0-0: Ball
1-0: Ball
2-0: Called Strike
2-1: Foul Ball, location: 2F
2-2: Ball
3-2: Foul Ball, location: 2F
3-2: Strikes out swinging
Top of the 9th over - 1 run(s), 1 hit(s), 0 error(s), 0 left on base; Colorado 8 - Alabama 3
BOTTOM OF THE 9TH
Alabama Crimson Tide batting - Pitching for Colorado Buffaloes : LHP David Rodríguez
Batting: LHB Chris White 0-0: Swinging Strike
0-1: Swinging Strike
0-2: Ball
1-2: Ball
2-2: Strikes out swinging
Batting: RHB William Robinson 0-0: Called Strike
0-1: Ball
1-1: Foul Ball, location: 2F
1-2: Foul Ball, location: 2F
1-2: Ground out 5-3 (Groundball, 5)
Batting: RHB Kyle McIntyre 0-0: Called Strike
0-1: Ball
1-1: Swinging Strike
1-2: Foul Ball, location: 2F
1-2: Strikes out swinging
Bottom of the 9th over - 0 run(s), 0 hit(s), 0 error(s), 0 left on base; Colorado 8 - Alabama 3
Thursday, March 30th, 2017 - OOTP Baseball 17.12 Build 75